 Dungeon Crawl Stone Soup version 0.23-a0-636-g0ff6057 (webtiles) character file.

29 galech the Skirmisher (level 3, 26/29 HPs)
             Began as a Demonspawn Fighter on Dec 28, 2018.
             Quit the game on level 1 of the Dungeon.
             The game lasted 00:00:35 (515 turns).

galech the Skirmisher (Demonspawn Fighter)           Turns: 515, Time: 00:00:35

Health: 26/29      AC:  6    Str: 16    XL:     3   Next: 1%
Magic:  3/3        EV:  6    Int:  9    God:
Gold:   26         SH:  9    Dex: 13    Spells: 2/2 levels left

rFire    . . .     SeeInvis .   a - +0 war axe
rCold    . . .     Gourm    .   c - +0 shield
rNeg     . . .     Faith    .   b - +0 scale mail
rPois    .         Spirit   .   (no helmet)
rElec    .         Reflect  .   (no cloak)
rCorr    .         Harm     .   (no gloves)
MR       .....                  (no boots)
Stlth    +.........             (no amulet)
HPRegen  0.09/turn              (no ring)
MPRegen  0.08/turn              (no ring)

@: no status effects
A: nightstalker 1, rot immunity
a: no special abilities


You were on level 1 of the Dungeon.
You were not hungry.

You visited 1 branch of the dungeon, and saw 1 of its levels.

You collected 26 gold pieces.

Inventory:

Hand Weapons
 a - a +0 war axe (weapon)
Armour
 b - a +0 scale mail (worn)
 c - a +0 shield (worn)
Scrolls
 i - a scroll of remove curse {unknown}
Potions
 d - a potion of might
 e - a potion of haste {unknown}
 h - a potion of heal wounds {unknown}
 j - 3 potions of curing {unknown}
Comestibles
 f - 2 rations
 g - 2 chunks of flesh


   Skills:
 + Level 3.1 Fighting
 + Level 2.5 Axes
 + Level 2.8 Armour
 + Level 3.1 Shields


You had 2 spell levels left.
You didn't know any spells.
Your spell library was empty.

Dungeon Overview and Level Annotations

Branches:
Dungeon (1/15)

Altars:


Innate Abilities, Weirdness & Mutations

You are slightly more attuned to the shadows.
You are immune to rotting.


Message History

The kobold barely misses you.
A kobold comes into view. It is wielding a -1 short sword.
You block the kobold's attack.
You miss the kobold.
The kobold hits you with a cursed +0 dagger.
You closely miss the kobold.
The kobold hits you with a cursed +0 dagger.
You hit the kobold.
You kill the kobold!
You slash the kobold!
You kill the kobold!
You have reached level 3!
Your experience leads to an increase in your attributes!
Increase (S)trength, (I)ntelligence, or (D)exterity?
You feel agile.
Your demonic ancestry asserts itself...
You slip into the darkness of the dungeon.
Items here: ( )) †† a cursed -1 short sword; 4 stones; a cursed +0 dagger; a kobold corpse x2
There isn't anything edible to butcher here.
Are you sure you want to abandon this character and quit the game? (Confirm

..#...### .......# ###
#...#.# #.# ###+#...#.#
###.##
#.......#.########.....
#......................
.................^....#
###+#.#.#..............
......@..[.........)...
#.#.#.#########....÷..#
... ..........## .....
####..##..#. ......
#.......#. ...[..
##.###..#. #.###' ##
#..#. ...#. #..#.


There were no monsters in sight!

Vanquished Creatures
  A gnoll (D:1)
  2 dart slugs (D:1)
  2 goblins (D:1)
  A hobgoblin (D:1)
  4 bats (D:1)
  A frilled lizard (D:1)
  6 kobolds (D:1)
  A rat (D:1)
18 creatures vanquished.

Notes
Turn   | Place    | Note
-------+----------+-------------------------------------------
     0 | D:1      | galech the Demonspawn Fighter began the quest for the Orb.
     0 | D:1      | Reached XP level 1. HP: 18/18 MP: 1/1
   115 | D:1      | Gained mutation: You are immune to rotting. [demonic
                  | ancestry]
   115 | D:1      | Reached XP level 2. HP: 20/24 MP: 2/2
   513 | D:1      | Gained mutation: You are slightly more attuned to the
                  | shadows. [demonic ancestry]
   513 | D:1      | Reached XP level 3. HP: 25/29 MP: 3/3
   515 | D:1      | Quit the game

Vault maps used:
D:1:      evilmike_arrival_rings, chequers_hall_statues_wall_a,
          hangedman_glass_teeth

Skill      XL: |  1 |
---------------+----+-----
Axes           | 2 |  2.5
Shields        | 3 |  3.1
Fighting       | |  3.1
Armour         | |  2.8

Action                   || total
-------------------------++-------
Melee: War axe           ||    50
Armor: Scale mail        ||    26
Dodge: Dodged            ||    16
Block: Shield            ||    18

Table legend:
 A = Non-vault XP
 B = Vault XP
 C = Vault XP percentage of total XP
 D = Non-vault monster count
 E = Vault monster count
 F = Vault count percentage of total count
                 A         B        C        D         E       F
            +---------+---------+-------+---------+---------+-------
      Total |      42 |       0 |   0.0 |      18 |       0 |   0.0
            +---------+---------+-------+---------+---------+-------
        D:1 |      42 |       0 |   0.0 |      18 |       0 |   0.0
            +---------+---------+-------+---------+---------+-------
